 Dungeon Crawl Stone Soup version 0.23.1 (webtiles) character file.

Game seed: 6996357862271302742

161 Borgoz the Skirmisher (level 5, 0/46 HPs)
             Began as a Ghoul Monk on Mar 17, 2019.
             Slain by a water moccasin (5 damage)
             ... on level 3 of the Dungeon.
             The game lasted 00:04:45 (1945 turns).

Borgoz the Skirmisher (Ghoul Monk)                  Turns: 1945, Time: 00:04:46

Health: 0/46       AC:  5    Str: 15    XL:     5   Next: 42%
Magic:  0/4        EV: 12    Int:  5    God:
Gold:   172        SH:  0    Dex: 12    Spells: 4/4 levels left

rFire    . . .     SeeInvis +   m - +0 rapier
rCold    + . .     Gourm    .   (no shield)
rNeg     + + +     Faith    .   e - +0 ring mail
rPois    ∞         Spirit   +   (no helmet)
rElec    .         Reflect  .   (no cloak)
rCorr    .         Harm     .   (no gloves)
MR       .....                  (no boots)
Stlth    +.........             j - amulet of guardian spirit
HPRegen  0.00/turn              k - ring of see invisible
MPRegen  0.09/turn              (no ring)

@: rotting
A: rotting body, claws 1, carnivore, cold resistance 1, negative energy
resistance 3, inhibited regeneration, torment resistance, unbreathing
a: no special abilities


You were on level 3 of the Dungeon.
You were not hungry.

You visited 1 branch of the dungeon, and saw 3 of its levels.

You collected 172 gold pieces.

Inventory:

Hand Weapons
 m - a +0 rapier (weapon)
Missiles
 f - 6 tomahawks (quivered)
Armour
 e - a +0 ring mail (worn)
Jewellery
 j - an amulet of guardian spirit (around neck)
 k - a ring of see invisible (left claw)
Scrolls
 a - 3 scrolls of teleportation {unknown}
 d - a scroll of magic mapping {unknown}
 g - 2 scrolls of identify {unknown}
 h - a scroll of fog {unknown}
 i - a scroll of enchant armour {unknown}
 l - a scroll of amnesia {unknown}
Potions
 n - a potion of lignification
Comestibles
 c - 6 rations
 o - a chunk of flesh


   Skills:
 + Level 3.7 Fighting
 * Level 3.6 Short Blades
 * Level 2.1 Armour
 * Level 3.4 Dodging
 + Level 3.0 Stealth


You had 4 spell levels left.
You didn't know any spells.
Your spell library was empty.

Dungeon Overview and Level Annotations

Branches:
Dungeon (3/15)

Altars:


Innate Abilities, Weirdness & Mutations

Your body is rotting away.
You thrive on raw meat.
You are immune to poison.
You have sharp fingernails.
You are carnivorous and can eat meat at any time.
Your flesh is cold resistant. (rC+)
You are immune to negative energy. (rN+++)
You do not regenerate when monsters are visible.
You are immune to unholy pain and torment.
You can survive without breathing.


Message History

You closely miss the water moccasin.
The water moccasin is heavily wounded.
The water moccasin bites you.
* * * LOW HITPOINT WARNING * * *
Eat one of 4 chunks of flesh? (ye/n/q)
You eat one of the 4 chunks of flesh.
This raw flesh tastes great!
The water moccasin closely misses you. The water moccasin barely misses you.
Eat one of 3 chunks of flesh? (ye/n/q)
You eat one of the 3 chunks of flesh.
This raw flesh tastes great!
The water moccasin bites you!
* * * LOW HITPOINT WARNING * * *
Eat one of 2 chunks of flesh? (ye/n/q)
You eat one of the 2 chunks of flesh.
This raw flesh tastes great!
The water moccasin bites you.
* * * LOW HITPOINT WARNING * * *
Unknown command.
You hit the water moccasin.
The water moccasin is severely wounded.
The water moccasin misses you. The water moccasin bites you.
You die...

##### #.##.# ....#
#.##'## ....# #.#...#
....# #.#...# ....#
#.#...#
....###########.##.####
....'.........†.......+
###.##.######.#########
#.##.#........@Sl#######
#....#.####.####J?......
#....# #.# #$.......
#....# #.## #.....!..
#....# ...# #........
##....######..#
#########
#.............#
#....#.#####.##
#....#..# #.#


You could see a water moccasin, an ooze and a frilled lizard.

Vanquished Creatures
  An orc wizard (D:3)
  A worker ant (D:3)
  4 gnolls (D:3)
  An ooze (D:3)
  A dart slug (D:2)
  A leopard gecko (D:3)
  4 orcs (D:3)
  2 giant cockroaches (D:3)
  8 goblins
  3 hobgoblins
  9 jackals (D:1)
  3 kobolds
  A quokka (D:3)
  3 ball pythons
  9 bats
  A frilled lizard (D:2)
  8 rats
60 creatures vanquished.

Notes
Turn   | Place    | Note
-------+----------+-------------------------------------------
     0 | D:1      | Borgoz the Ghoul Monk began the quest for the Orb.
     0 | D:1      | Reached XP level 1. HP: 19/19 MP: 0/0
   159 | D:1      | Reached XP level 2. HP: 8/26 MP: 1/1
   486 | D:1      | Reached skill level 1 in Armour
   666 | D:1      | Reached XP level 3. HP: 31/31 MP: 2/2
  1505 | D:3      | Reached XP level 4. HP: 18/38 MP: 0/3
  1665 | D:3      | Reached XP level 5. HP: 22/46 MP: 1/4
  1918 | D:3      | Noticed a water moccasin
  1945 | D:3      | Slain by a water moccasin

Skill      XL: |  1  2  3  4  5 |
---------------+----------------+-----
Short Blades   | 3 |  3.6
Armour         | 1 2 |  2.1
Dodging        | 3 |  3.4
Stealth        | 3 |  3.0
Fighting       | |  3.7

Action                   |  1- 3 |  4- 6 || total
-------------------------+-------+-------++-------
Melee: Short sword       |   131 |       ||   131
       Rapier            |    54 |    73 ||   127
  Use: Potion            |     2 |     2 ||     4
 Stab: Sleeping          |     4 |     2 ||     6
       Invisible         |       |     3 ||     3
  Eat: Chunk             |    21 |    13 ||    34
Armor: Robe              |    27 |     8 ||    35
       Ring mail         |       |     8 ||     8
Dodge: Dodged            |   160 |    69 ||   229
